PCL
VANCOUVER VIPERS @ ALBUQUERQUE ISOTOPES
06/18/2030
 
TOP OF THE 1ST
Vancouver Vipers batting - Pitching for Albuquerque Isotopes : RHP Anthony Jackson
Pitching: RHP Anthony Jackson
Batting: RHB Jesús Hernández 0-0: Ball
1-0: Foul Ball, location: 2F
1-1: Ball
2-1: Swinging Strike
2-2: DOUBLE (Line Drive, 7LD)
Batting: SHB Henry Copeland 0-0: Ball
1-0: Ball
2-0: Called Strike
2-1: Foul Ball, location: 2F
2-2: Fly out, F8 (Flyball, 89M)
Batting: LHB Collin Smith 0-0: Ball
1-0: Ground out U3 (Groundball, 34)
Jesús Hernández to third
Batting: LHB Nick Gamble 0-0: Called Strike
0-1: Ball
1-1: Ball
2-1: Ground out 6-3 (Groundball, 6M)
Top of the 1st over - 0 runs, 1 hit, 0 errors, 1 left on base; Vancouver 0 - Albuquerque 0
BOTTOM OF THE 1ST
Albuquerque Isotopes batting - Pitching for Vancouver Vipers : RHP Bill Hines
Pitching: RHP Bill Hines
Batting: LHB Wally Harris 0-0: Called Strike
0-1: Foul Ball, location: 2F
0-2: Fly out, F8 (Flyball, 8RM)
Batting: SHB Thomas Simmons 0-0: Fly out, F8 (Flyball, 8LM)
Batting: RHB Roberto Tobías 0-0: Foul Ball, location: 2F
0-1: Foul Ball, location: 2F
0-2: Foul Ball, location: 2F
0-2: Ball
1-2: Ball
2-2: Ball
3-2: Ground out 5-3 (Groundball, 56)
Bottom of the 1st over - 0 runs, 0 hits, 0 errors, 0 left on base; Vancouver 0 - Albuquerque 0
TOP OF THE 2ND
Vancouver Vipers batting - Pitching for Albuquerque Isotopes : RHP Anthony Jackson
Batting: RHB Ryan Parrish 0-0: Called Strike
0-1: Ball
1-1: Ball
2-1: Called Strike
2-2: Ball
3-2: Ground out 4-3 (Groundball, 6M)
Batting: RHB Ben Alexander 0-0: Ball
1-0: Ball
2-0: Ball
3-0: Called Strike
3-1: Foul Ball, location: 2F
3-2: Strikes out swinging
Batting: RHB Salvador Medine 0-0: Called Strike
0-1: Ball
1-1: Ground out 6-3 (Groundball, 6)
Top of the 2nd over - 0 runs, 0 hits, 0 errors, 0 left on base; Vancouver 0 - Albuquerque 0
BOTTOM OF THE 2ND
Albuquerque Isotopes batting - Pitching for Vancouver Vipers : RHP Bill Hines
Batting: LHB William Donnelly 0-0: Called Strike
0-1: Ball
1-1: Swinging Strike
1-2: Ball
2-2: Foul Ball, location: 2F
2-2: Strikes out swinging
Batting: LHB José González 0-0: Ball
1-0: Called Strike
1-1: Foul Ball, location: 2F
1-2: Ball
2-2: SINGLE (Flyball, 9S)
Batting: LHB Héctor Soto 0-0: Ball
1-0: Ball
2-0: Ball
3-0: Called Strike
3-1: SINGLE (Groundball, 56D)
José González to second
Batting: RHB Kelly Graham 0-0: DOUBLE (Flyball, 8RXD)
José González scores
Héctor Soto to third
Batting: RHB Piotr Zahn 0-0: Ball
1-0: Ball
2-0: Ball
3-0: Base on Balls
Batting: RHB Diego Benítez 0-0: DOUBLE (Line Drive, 7LS)
Héctor Soto scores
Kelly Graham scores
Piotr Zahn to third
Batting: LHB Wally Harris 0-0: Swinging Strike
0-1: Swinging Strike
0-2: Strikes out swinging
Batting: SHB Thomas Simmons 0-0: Ball
1-0: Foul Ball, location: 2F
1-1: Ball
2-1: Swinging Strike
2-2: SINGLE (Line Drive, 9LM)
Piotr Zahn scores
Diego Benítez to third
Runner from 3rd tries for Home, SAFE, no throw
Batting: RHB Roberto Tobías 0-0: Called Strike
0-1: Foul Ball, location: 2F
0-2: Ball
1-2: Fly out, F9 (Flyball, 9S)
Bottom of the 2nd over - 5 runs, 5 hits, 0 errors, 1 left on base; Vancouver 0 - Albuquerque 5
TOP OF THE 3RD
Vancouver Vipers batting - Pitching for Albuquerque Isotopes : RHP Anthony Jackson
Batting: RHB Clint Younger 0-0: Ball
1-0: Called Strike
1-1: Foul Ball, location: 2F
1-2: Ball
2-2: Ground out 2-3 (Groundball, 15S)
Batting: RHB Axel Guimont 0-0: Ball
1-0: Called Strike
1-1: Ball
2-1: Ball
3-1: Base on Balls
Batting: RHB Jesús Hernández 0-0: Ball
1-0: Ball
2-0: Called Strike
2-1: Ball
3-1: SINGLE (Line Drive, 6M)
Axel Guimont to second
Batting: SHB Henry Copeland 0-0: Called Strike
0-1: Ball
1-1: Fly out, F9 (Flyball, 9S)
Batting: LHB Collin Smith 0-0: Ball
1-0: Ball
2-0: Foul Ball, location: 2F
2-1: Foul Ball, location: 2F
2-2: Strikes out swinging
Top of the 3rd over - 0 runs, 1 hit, 0 errors, 2 left on base; Vancouver 0 - Albuquerque 5
BOTTOM OF THE 3RD
Albuquerque Isotopes batting - Pitching for Vancouver Vipers : RHP Bill Hines
Batting: LHB William Donnelly 0-0: Ball
1-0: Foul Ball, location: 2F
1-1: Ball
2-1: Foul Ball, location: 2F
2-2: Ball
3-2: Base on Balls
Batting: LHB José González 0-0: Ball
1-0: Foul Ball, location: 2F
1-1: Foul Ball, location: 2F
1-2: Ball
2-2: Fly out, F4 (Popup, 4D)
Batting: LHB Héctor Soto 0-0: Called Strike
William Donnelly is caught stealing 2nd base
0-1: Foul Ball, location: 2F
0-2: Ball
1-2: Ground out 6-3 (Groundball, 6S)
Bottom of the 3rd over - 0 runs, 0 hits, 0 errors, 0 left on base; Vancouver 0 - Albuquerque 5
TOP OF THE 4TH
Vancouver Vipers batting - Pitching for Albuquerque Isotopes : RHP Anthony Jackson
Batting: LHB Nick Gamble 0-0: Ball
1-0: Ground out 6-3 (Groundball, 6)
Batting: RHB Ryan Parrish 0-0: Ball
1-0: Ball
2-0: Ball
3-0: Called Strike
3-1: Called Strike
3-2: Foul Ball, location: 2F
3-2: DOUBLE (Line Drive, 5D)
Batting: RHB Ben Alexander 0-0: Called Strike
0-1: Ball
1-1: Ball
2-1: Ball
3-1: Base on Balls
Batting: RHB Salvador Medine 0-0: Called Strike
0-1: Ball
1-1: Ball
2-1: Grounds into double play, 5-4-3 (Groundball, 56)
Top of the 4th over - 0 runs, 1 hit, 0 errors, 1 left on base; Vancouver 0 - Albuquerque 5
BOTTOM OF THE 4TH
Albuquerque Isotopes batting - Pitching for Vancouver Vipers : RHP Bill Hines
Batting: RHB Kelly Graham 0-0: Ball
1-0: Ball
2-0: Foul Ball, location: 2F
2-1: Foul Ball, location: 2F
2-2: Foul Ball, location: 2F
2-2: Fly out, F2 (Popup, 23F)
Batting: RHB Piotr Zahn 0-0: Fly out, F2 (Popup, 25F)
Batting: RHB Diego Benítez 0-0: Ball
1-0: Fly out, F4 (Line Drive, 4)
Bottom of the 4th over - 0 runs, 0 hits, 0 errors, 0 left on base; Vancouver 0 - Albuquerque 5
TOP OF THE 5TH
Vancouver Vipers batting - Pitching for Albuquerque Isotopes : RHP Anthony Jackson
Batting: RHB Clint Younger 0-0: Ball
1-0: DOUBLE (Line Drive, 7D)
Pinch Runner at 2nd Brian Ford:
Batting: RHB Axel Guimont 0-0: Ball
1-0: Ball
2-0: Called Strike
2-1: Fly out, F7 (Flyball, 7S)
Batting: RHB Jesús Hernández 0-0: Called Strike
0-1: Ball
1-1: DOUBLE (Line Drive, 78D)
Brian Ford scores
Batting: SHB Henry Copeland 0-0: Ball
1-0: Ball
2-0: Foul Ball, location: 2F
2-1: Foul Ball, location: 2F
2-2: Strikes out swinging
Batting: LHB Collin Smith 0-0: Fly out, F8 (Flyball, 8LM)
Top of the 5th over - 1 run, 2 hits, 0 errors, 1 left on base; Vancouver 1 - Albuquerque 5
BOTTOM OF THE 5TH
Albuquerque Isotopes batting - Pitching for Vancouver Vipers : RHP Bill Hines
Now at 2B: Brian Ford
Batting: LHB Wally Harris 0-0: Ball
1-0: Ball
2-0: Ground out 4-3 (Groundball, 4)
Batting: SHB Thomas Simmons 0-0: Ball
1-0: Ball
2-0: Called Strike
2-1: Fly out, F7 (Flyball, 7)
Batting: RHB Roberto Tobías 0-0: Ball
1-0: Ball
2-0: Ball
3-0: Base on Balls
Batting: LHB William Donnelly 0-0: Foul Ball, location: 2F
0-1: Foul Ball, location: 2F
0-2: Hit by Pitch
Roberto Tobías to second
Pitching: RHP Mark Greene
Batting: LHB José González 0-0: Ball
1-0: Ball
2-0: Called Strike
2-1: Swinging Strike
2-2: Foul Ball, location: 2F
2-2: Foul Ball, location: 2F
2-2: Foul Ball, location: 2F
2-2: Ball
3-2: Fly out, F8 (Flyball, 8LS)
Bottom of the 5th over - 0 runs, 0 hits, 0 errors, 2 left on base; Vancouver 1 - Albuquerque 5
TOP OF THE 6TH
Vancouver Vipers batting - Pitching for Albuquerque Isotopes : RHP Anthony Jackson
Pitching: RHP Esteban Garza
Batting: LHB Nick Gamble 0-0: Called Strike
0-1: Fly out, F8 (Flyball, 8RXD)
Batting: RHB Ryan Parrish 0-0: Foul Ball, location: 2F
0-1: Ball
1-1: Foul Ball, location: 2F
1-2: Ball
2-2: Fly out, F7 (Flyball, 7LD)
Batting: RHB Ben Alexander 0-0: Ball
1-0: Foul Ball, location: 2F
1-1: Foul Ball, location: 2F
1-2: Strikes out swinging
Top of the 6th over - 0 runs, 0 hits, 0 errors, 0 left on base; Vancouver 1 - Albuquerque 5
BOTTOM OF THE 6TH
Albuquerque Isotopes batting - Pitching for Vancouver Vipers : RHP Mark Greene
Batting: LHB Héctor Soto 0-0: Called Strike
0-1: Ball
1-1: Foul Ball, location: 2F
1-2: Foul Ball, location: 2F
1-2: Ball
2-2: Foul Ball, location: 2F
2-2: Ground out 4-3 (Groundball, 4)
Batting: RHB Kelly Graham 0-0: Ball
1-0: Fly out, F7 (Flyball, 7S)
Batting: RHB Piotr Zahn 0-0: SINGLE (Groundball, 4MD)
Batting: RHB Diego Benítez 0-0: SINGLE (Line Drive, 9LM)
Piotr Zahn to second
Runner from 2nd tries for 3rd, SAFE, no throw
Batting: LHB Wally Harris 0-0: Ball
1-0: Foul Ball, location: 2F
1-1: Swinging Strike
1-2: SINGLE (Flyball, 78S)
Piotr Zahn scores
Diego Benítez to second
Batting: SHB Thomas Simmons 0-0: Foul Ball, location: 2F
0-1: Called Strike
0-2: Fielders Choice at 2nd, 6-4 (Groundball, 56)
Bottom of the 6th over - 1 run, 3 hits, 0 errors, 2 left on base; Vancouver 1 - Albuquerque 6
TOP OF THE 7TH
Vancouver Vipers batting - Pitching for Albuquerque Isotopes : RHP Esteban Garza
Batting: RHB Salvador Medine 0-0: Ground out 5-3 (Groundball, 5)
Batting: LHB Brian Ford 0-0: Ball
1-0: Ball
2-0: Called Strike
2-1: Swinging Strike
2-2: Strikes out looking
Batting: RHB Axel Guimont 0-0: Called Strike
0-1: Ball
1-1: Ball
2-1: Swinging Strike
2-2: Fly out, F9 (Flyball, 89D)
Top of the 7th over - 0 runs, 0 hits, 0 errors, 0 left on base; Vancouver 1 - Albuquerque 6
BOTTOM OF THE 7TH
Albuquerque Isotopes batting - Pitching for Vancouver Vipers : RHP Mark Greene
Batting: RHB Roberto Tobías 0-0: Ball
1-0: Foul Ball, location: 2F
1-1: Swinging Strike
1-2: Strikes out swinging
Batting: LHB William Donnelly 0-0: Swinging Strike
0-1: Ball
1-1: Ball
2-1: Foul Ball, location: 2F
2-2: Ball
3-2: Fly out, F7 (Flyball, 7)
Batting: LHB José González 0-0: Called Strike
0-1: Ball
1-1: Swinging Strike
1-2: Fly out, F7 (Flyball, 7)
Bottom of the 7th over - 0 runs, 0 hits, 0 errors, 0 left on base; Vancouver 1 - Albuquerque 6
TOP OF THE 8TH
Vancouver Vipers batting - Pitching for Albuquerque Isotopes : RHP Esteban Garza
Now in CF: Matt Tucker
Batting: RHB Jesús Hernández 0-0: Fly out, F8 (Flyball, 8LD)
Batting: SHB Henry Copeland 0-0: Foul Ball, location: 2F
0-1: Called Strike
0-2: Ball
1-2: Ball
2-2: Foul Ball, location: 2F
2-2: Strikes out looking
Batting: LHB Collin Smith 0-0: Ground out 3-1 (Groundball, 34D)
Top of the 8th over - 0 runs, 0 hits, 0 errors, 0 left on base; Vancouver 1 - Albuquerque 6
BOTTOM OF THE 8TH
Albuquerque Isotopes batting - Pitching for Vancouver Vipers : RHP Mark Greene
Batting: LHB Héctor Soto 0-0: Ball
1-0: Foul Ball, location: 2F
1-1: Foul Ball, location: 2F
1-2: Foul Ball, location: 2F
1-2: Foul Ball, location: 2F
1-2: Fly out, F8 (Flyball, 8LS)
Batting: RHB Kelly Graham 0-0: Swinging Strike
0-1: Ball
1-1: Ground out 1-3 (Groundball, 15S)
Batting: RHB Piotr Zahn 0-0: Ball
1-0: Foul Ball, location: 2F
1-1: Ball
2-1: Ball
3-1: Foul Ball, location: 2F
3-2: Foul Ball, location: 2F
3-2: Strikes out swinging
Bottom of the 8th over - 0 runs, 0 hits, 0 errors, 0 left on base; Vancouver 1 - Albuquerque 6
TOP OF THE 9TH
Vancouver Vipers batting - Pitching for Albuquerque Isotopes : RHP Esteban Garza
Now at C: Daniel Martínez
Now at 3B: Will Stafford
Batting: LHB Nick Gamble 0-0: Ball
1-0: Called Strike
1-1: Ground out 6-3 (Groundball, 6)
Batting: RHB Ryan Parrish 0-0: Ball
1-0: Ground out 6-3 (Groundball, 6M)
Batting: RHB Ben Alexander 0-0: Called Strike
0-1: Called Strike
0-2: SINGLE (Groundball, 34D)
Batting: RHB Salvador Medine 0-0: Ball
1-0: Foul Ball, location: 2F
1-1: TRIPLE (Flyball, 8RXD)
Ben Alexander scores
Batting: LHB Brian Ford 0-0: Ball
1-0: Ball
2-0: Ball
3-0: Base on Balls
Pitching: RHP Germán Hernández
Batting: RHB Axel Guimont 0-0: Ball
1-0: Called Strike
1-1: Foul Ball, location: 2F
1-2: Ball
2-2: Strikes out swinging
Top of the 9th over - 1 run, 2 hits, 0 errors, 2 left on base; Vancouver 2 - Albuquerque 6
Saturday, April 7th, 2018 - OOTP Baseball 18.8 Build 76